 Dungeon Crawl Stone Soup version 0.23-a0-180-ga5275e7 (console) character file.

1554 nht the Quickloader (level 8, -3/77 HPs)
             Began as a Minotaur Hunter on Sept 18, 2018.
             Shot with an arrow by a centaur (7 damage)
             ... on level 6 of the Dungeon.
             The game lasted 00:07:06 (3962 turns).

nht the Quickloader (Minotaur Hunter)               Turns: 3962, Time: 00:07:06

Health: -3/77      AC:  5    Str: 19    XL:     8   Next: 57%
Magic:  7/7        EV: 15    Int: 10    God:
Gold:   287        SH:  0    Dex: 11    Spells: 7/7 levels left

rFire    + . .     SeeInvis .   a - +2 hand crossbow
rCold    . . .     Gourm    .   (no shield)
rNeg     . . .     Faith    .   l - +2 leather armour {rF+}
rPois    .         Spirit   .   (helmet restricted)
rElec    .         Reflect  .   c - +0 cloak
rCorr    .         Harm     .   (no gloves)
MR       .....     Clarity  +   (no boots)
Stlth    ..........             (no amulet)
HPRegen  0.22/turn              t - +3 ring of evasion
MPRegen  0.10/turn              w - ring of attention (curse)

@: no status effects
A: retaliatory headbutt, hooves 1, horns 2, rugged brown scales 1, clarity,
clever 1, deformed body
a: no special abilities


You were on level 6 of the Dungeon.
You were not hungry.

You visited 1 branch of the dungeon, and saw 6 of its levels.

You collected 287 gold pieces.

Inventory:

Hand Weapons
 a - a +2 hand crossbow (weapon)
 b - a +0 war axe
Missiles
 d - 7 bolts (quivered)
Armour
 c - a +0 cloak (worn)
 l - a +2 leather armour of fire resistance (worn)
Jewellery
 h - an uncursed ring of poison resistance
 k - an uncursed ring of positive energy
 t - a +3 ring of evasion (left hand)
 w - a cursed ring of attention (right hand)
Wands
 m - a wand of clouds (6)
Scrolls
 j - 6 scrolls of remove curse
 u - a scroll of amnesia
Potions
 e - a potion of haste
 g - a potion of agility
 i - a potion of flight
 n - 2 potions of brilliance
 o - 4 potions of curing
 p - a potion of cancellation
 r - a potion of might {unknown}
 s - a potion of heal wounds
 v - a potion of ambrosia {unknown}
Comestibles
 f - 10 rations
 q - 4 chunks of flesh


   Skills:
 + Level 8.4 Fighting
 - Level 10.1 Crossbows
 - Level 2.4 Dodging
 - Level 1.1 Stealth


You had 7 spell levels left.
You didn't know any spells.
Your spell library was empty.

Dungeon Overview and Level Annotations

Branches:
Dungeon (6/15)
 Temple: D:4-7

Altars:
Cheibriados
Dithmenos
Elyvilon
Fedhas
Hepliaklqana
Trog
Vehumet
Yredelemnul

Shops:
D:5 [

Annotations:
D:3 1 runed door, TAS2012's ghost, amateur SpMo


Innate Abilities, Weirdness & Mutations

You reflexively headbutt those who attack you in melee.
You have a pair of horns on your head.
You have large cloven feet.
You are partially covered in rugged brown scales. (AC +1, +3% HP)
You possess an exceptional clarity of mind.
Your mind is acute. (Int +2)
Armour fits poorly on your strangely shaped body.


Message History

The arrow freezes you.
* * * LOW HITPOINT WARNING * * *
An orc warrior comes into view. It is wielding a halberd.
Firing (i - inventory)
d - 9 bolts (quivered)
Press: ? - help, Shift-Dir - straight line, f/p - centaur
Aim: a centaur, wielding a shortbow of freezing (severely wounded)
You shoot a bolt.
The bolt hits the centaur but does no damage.
The centaur is severely wounded.
The centaur shoots an arrow.
The arrow hits you!
* * * LOW HITPOINT WARNING * * *
The arrow freezes you.
* * * LOW HITPOINT WARNING * * *
Firing (i - inventory)
d - 8 bolts (quivered)
Press: ? - help, Shift-Dir - straight line, f/p - centaur
Aim: a centaur, wielding a shortbow of freezing (severely wounded)
You shoot a bolt. The bolt hits the centaur.
The centaur is severely wounded.
The centaur shoots an arrow.
The arrow hits you!
You die...

█..████.███ █..██.....██
█..█.......█
██████..█....)..█
............_....
██████.█.......█ .
██.█.......█
oOc.█████████..██.....██
█o....@.......████.████
█.███████████.....(....
████.██..██ █.██.██
█.....█ ███...██ █.....
█..... ██..██


You could see an orc warrior, an ogre, a centaur and an orc.

Vanquished Creatures
  Grinder (D:3)
  An ice beast (D:6)
  2 black bears (D:6)
  A phantom (D:4)
  2 ogres (D:5)
  A centaur (D:6)
  A scorpion (D:6)
  A howler monkey (D:4)
  A crimson imp (D:5)
  4 orc priests
  A hound (D:5)
  A jelly (D:5)
  A bullfrog skeleton (D:6)
  A centaur skeleton (D:4)
  3 orc wizards
  3 worker ants
  4 gnolls (D:5)
  10 adders
  2 shadow imps (D:5)
  An ooze (D:1)
  An adder zombie (D:5)
  2 worms (D:4)
  2 dart slugs
  2 leopard geckos
  11 orcs
  7 giant cockroaches
  4 hobgoblins
  3 jackals (D:3)
  12 kobolds
  3 quokkas
  A ball python (D:5)
  6 bats
  5 frilled lizards
  7 goblins
  A jackal skeleton (D:3)
  25 rats
  A spectral orc (D:4)
135 creatures vanquished.

Notes
Turn   | Place    | Note
-------+----------+-------------------------------------------
     0 | D:1      | nht the Minotaur Hunter began the quest for the Orb.
     0 | D:1      | Reached XP level 1. HP: 18/18 MP: 0/0
    55 | D:1      | Reached skill level 1 in Stealth
    55 | D:1      | Reached XP level 2. HP: 25/25 MP: 1/1
   257 | D:1      | Reached skill level 5 in Crossbows
   390 | D:1      | Reached XP level 3. HP: 30/30 MP: 2/2
   859 | D:2      | Reached XP level 4. HP: 25/37 MP: 3/3
   882 | D:2      | Reached skill level 6 in Crossbows
  1409 | D:3      | Found a shadowy altar of Dithmenos.
  1419 | D:3      | Noticed Grinder
  1431 | D:3      | Paralysed by Grinder for 2 turns
  1437 | D:3      | Gained mutation: You are partially covered in rugged brown
                  | scales. (AC +1, +3% HP) [potion of mutation]
  1437 | D:3      | Gained mutation: You tend to lose your temper in combat.
                  | [potion of mutation]
  1437 | D:3      | Gained mutation: You have a pair of large horns on your
                  | head. [potion of mutation]
  1444 | D:3      | Killed Grinder
  1444 | D:3      | Reached skill level 7 in Crossbows
  1444 | D:3      | Reached XP level 5. HP: 43/43 MP: 4/4
  1444 | D:3      | Reached XP level 6. HP: 51/51 MP: 5/5
  1499 | D:3      | Reached skill level 8 in Crossbows
  1549 | D:3      | Found a blossoming altar of Fedhas.
  1644 | D:3      | Found a runed door.
  1649 | D:3      | Noticed TAS2012's ghost (amateur SpMo)
  1845 | D:3      | Lost mutation: You have a pair of large horns on your head.
                  | [potion of mutation]
  1845 | D:3      | Lost mutation: You tend to lose your temper in combat.
                  | [potion of mutation]
  1845 | D:3      | Gained mutation: Your mind is acute. (Int +2) [potion of
                  | mutation]
  1845 | D:3      | Gained mutation: Armour fits poorly on your strangely
                  | shaped body. [potion of mutation]
  1845 | D:3      | Gained mutation: You have large cloven feet. [potion of
                  | mutation]
  1845 | D:3      | Gained mutation: You possess an exceptional clarity of
                  | mind. [potion of mutation]
  2536 | D:4      | Reached skill level 9 in Crossbows
  2587 | D:4      | Reached XP level 7. HP: 56/57 MP: 6/6
  2701 | D:4      | Found a basalt altar of Yredelemnul.
  2861 | D:5      | Entered Level 5 of the Dungeon
  2863 | D:5      | Found Qaorino's Armour Emporium.
  3023 | D:5      | Found a hazy altar of Hepliaklqana.
  3122 | D:5      | Reached skill level 10 in Crossbows
  3207 | D:5      | Found a radiant altar of Vehumet.
  3261 | D:5      | Found a white marble altar of Elyvilon.
  3434 | D:5      | Reached skill level 5 in Fighting
  3434 | D:5      | Reached XP level 8. HP: 70/70 MP: 7/7
  3614 | D:6      | Found a bloodstained altar of Trog.
  3907 | D:6      | Found a snail-covered altar of Cheibriados.
  3962 | D:6      | Shot with an arrow by a centaur

Vault maps used:
D:1:      roderic_octagonal_star, grunt_decor_arrowhead
D:2:      minmay_rat_hole
D:3:      marbit_many_paths, nicolae_overflow_crystal_walls,
          ebering_ghost_sewer_d, first_ration, uniq_grinder
D:4:      yredelemnul_forgotten_temple_becter, minivault_26
D:5:      vehumet_crystals, kennysheep_mini, kennysheep_mini_moat, serial_shops,
          nicolae_shop_stone
D:6:      trog_ov_bears_minmay, lemuel_coloured_pillars_altar,
          old_standard_altar, minmay_temple_entry_hall

Skill      XL: |  1  2  3  4  5  6  7  8 |
---------------+-------------------------+-----
Stealth        | 1 |  1.1
Crossbows      | 5 7 9 10 | 10.1
Fighting       | 5 8 |  8.4
Dodging        | |  2.4

Action                   |  1- 3 |  4- 6 |  7- 9 || total
-------------------------+-------+-------+-------++-------
Melee: Short sword       |       |    35 |       ||    35
       Headbutt          |       |    25 |       ||    25
       Hand axe          |       |    62 |       ||    62
       Kick              |       |    12 |       ||    12
 Fire: Hand crossbow     |    69 |    52 |   150 ||   271
  Use: Potion            |       |     6 |     1 ||     7
       Scroll            |       |     9 |     4 ||    13
 Stab: Invisible         |       |     1 |       ||     1
  Eat: Chunk             |       |     5 |     4 ||     9
Armor: Leather armour    |     3 |    36 |    10 ||    49
Dodge: Dodged            |     8 |    56 |    40 ||   104

Table legend:
 A = Non-vault XP
 B = Vault XP
 C = Vault XP percentage of total XP
 D = Non-vault monster count
 E = Vault monster count
 F = Vault count percentage of total count
                 A         B        C        D         E       F
            +---------+---------+-------+---------+---------+-------
      Total |    1667 |     554 |  24.9 |     111 |      24 |  17.8
            +---------+---------+-------+---------+---------+-------
        D:1 |      44 |       0 |   0.0 |      26 |       0 |   0.0
        D:2 |      89 |      20 |  18.3 |      18 |      19 |  51.4
        D:3 |      41 |     274 |  87.0 |      15 |       2 |  11.8
        D:4 |     412 |       1 |   0.2 |      17 |       1 |   5.6
        D:5 |     682 |       0 |   0.0 |      28 |       0 |   0.0
        D:6 |     399 |     259 |  39.4 |       7 |       2 |  22.2
            +---------+---------+-------+---------+---------+-------
